 Dungeon Crawl Stone Soup version 0.16-a0-3458-g6d2551d (webtiles) character file.

492 NewYearsCrawler the Chopper (level 7, -4/52 HPs)
             Began as a Formicid Fighter on Jan 1, 2015.
             Slain by MarvinPA's ghost (8 damage)
             ... on level 4 of the Dungeon.
             The game lasted 00:04:12 (3311 turns).

NewYearsCrawler the Chopper (Formicid Fighter)      Turns: 3311, Time: 00:04:12

Health: -4/52      AC:  6    Str: 31    XL:     7   Next: 37%
Magic:  9/9        EV:  8    Int:  8    God:
Gold:   81         SH: 10    Dex: 10    Spells: 0 memorised, 6 levels left

rFire  . . .     SeeInvis +     o - +2 war axe of Circhut {pain, Str+2 Stlth+}
rCold  . . .     Clarity  .     b - +0 scale mail
rNeg   . . .     SustAb   .     c - +0 shield
rPois  .         Gourm    .     (helmet unavailable)
rElec  .         Spirit   .     (no cloak)
rCorr  .         Warding  .     (no gloves)
rMut   .         Stasis   +     (no boots)
MR     .....                    (no amulet)
Stlth  +.........               (no ring)
                                (no ring)

@: mighty, not resistant to hostile enchantments, very unstealthy
A: permanent stasis, dig shafts and tunnels, four strong arms, antennae 3,
clever 1
a: Dig, Shaft Self


You were on level 4 of the Dungeon.
You were very hungry.

You visited 1 branch of the dungeon, and saw 4 of its levels.

You collected 81 gold pieces.

Inventory:

Hand weapons
 a - a +0 war axe
 o - the +2 war axe of Circhut (weapon) {pain, Str+2 Stlth+}
   (You found it on level 1 of the Dungeon)

   In the hands of one skilled in necromantic magic, it inflicts extra damage on
   living creatures.
   It affects your strength (+2).
   It makes you more stealthy.
Armour
 b - a +0 scale mail (worn)
 c - a +0 shield (worn)
Magical devices
 f - a wand of random effects (23)
 k - a wand of polymorph (13)
 s - a wand of disintegration (12)
 u - a wand of polymorph (0)
Scrolls
 h - a scroll of noise {unknown}
 i - 2 scrolls of remove curse
 j - 3 scrolls of identify {unknown}
 p - a scroll of amnesia {unknown}
 r - a scroll of magic mapping {unknown}
Potions
 n - a potion of heal wounds
 Z - a potion of cure mutation
Comestibles
 d - 6 bread rations
 g - 2 meat rations


   Skills:
 - Level 3.2 Fighting
 * Level 7.5 Axes
 - Level 3.2 Armour
 - Level 3.6 Shields


You had 6 spell levels left.
You didn't know any spells.

Dungeon Overview and Level Annotations

Branches:
Dungeon (4/15)
 Temple: D:4-7

Altars:
Nemelex Xobeh
Trog

Annotations:
D:4 MarvinPA's ghost, average HOFi; Natasha


Innate Abilities, Weirdness & Mutations

You are under a permanent stasis effect.
You can dig through walls and to a lower floor.
Your four strong arms can wield two-handed weapons with a shield.
You have a pair of large antennae on your head (SInv).
Your mind is acute. (Int +2)


Message History

You slash MarvinPA's ghost!
MarvinPA's ghost is heavily damaged.
MarvinPA's ghost barely misses you.
You slash MarvinPA's ghost!
MarvinPA's ghost is severely damaged.
MarvinPA's ghost hits you!
* * * LOW HITPOINT WARNING * * *
Your shield and scale mail prevent you from hitting MarvinPA's ghost.
MarvinPA's ghost is severely damaged.
MarvinPA's ghost hits you.
* * * LOW HITPOINT WARNING * * *
You hit MarvinPA's ghost but do no damage.
MarvinPA's ghost is severely damaged.
MarvinPA's ghost hits you!
* * * LOW HITPOINT WARNING * * *
You block MarvinPA's ghost's attack.
You slash MarvinPA's ghost!
MarvinPA's ghost is almost destroyed.
MarvinPA's ghost hits you!
You die...

#############
##..##...#[(.##
...#W........#
############..+.@...[...#
.##..##...##..#...##[).##
.....'........#...##....#
.....#....##.)##..##....#
.######...##..##..##..<.#
.#### #...##.......#....#
)...# ##...........+....#
)..######.##..##'###...##
..##..^#####+###.###...##


You could see MarvinPA's ghost.

Vanquished Creatures
  A water moccasin (D:3)
  An orc priest (D:3)
  Natasha (D:4)
  A centaur skeleton (D:4)
  5 orc wizards
  A hound skeleton (D:4)
  6 adders
  2 worms (D:2)
  4 giant geckos
  11 orcs
  3 giant cockroaches
  12 hobgoblins
  5 jackals (D:1)
  A quokka (D:2)
  A ball python (D:3)
  9 bats
  8 giant newts
  9 goblins
  12 kobolds
  10 rats
103 creatures vanquished.

Notes
Turn   | Place    | Note
--------------------------------------------------------------
     0 | D:1      | NewYearsCrawler, the Formicid Fighter, began the quest for the Orb.
     0 | D:1      | Reached XP level 1. HP: 18/18 MP: 1/1
   258 | D:1      | Reached XP level 2. HP: 20/24 MP: 3/3
   538 | D:1      | Reached XP level 3. HP: 13/29 MP: 4/4
   983 | D:1      | Got a fine war axe
   985 | D:1      | Identified the +2 war axe of Circhut {pain, Str+2 Stlth+} (You found it on level 1 of the Dungeon)
  1014 | D:1      | Drew Focus: Str increased to 22, Int decreased to 6
  1015 | D:1      | Gained mutation: Your mind is acute. (Int +2) [helix card]
  1019 | D:1      | Drew Focus: Str increased to 23, Int decreased to 5
  1128 | D:2      | Reached XP level 4. HP: 32/35 MP: 5/5
  1235 | D:2      | Reached skill level 4 in Axes
  1572 | D:2      | Reached XP level 5. HP: 41/41 MP: 7/7
  1842 | D:3      | Found a sparkling altar of Nemelex Xobeh.
  1925 | D:3      | Noticed a water moccasin
  1931 | D:3      | Killed a water moccasin
  1931 | D:3      | Reached skill level 6 in Axes
  1931 | D:3      | Reached XP level 6. HP: 37/47 MP: 8/8
  2621 | D:3      | Reached XP level 7. HP: 29/52 MP: 9/9
  2777 | D:4      | Reached skill level 7 in Axes
  2904 | D:4      | Found a bloodstained altar of Trog.
  2961 | D:4      | Noticed Natasha
  2965 | D:4      | Killed Natasha
  2974 | D:4      | Noticed MarvinPA's ghost (average HOFi)
  2979 | D:4      | Noticed Natasha
  3311 | D:4      | Slain by MarvinPA's ghost

Action                   |  1- 3 |  4- 6 |  7- 9 || total
-------------------------+-------+-------+-------++-------
Melee: War axe           |   129 |   117 |    51 ||   297
 Abil: Dig               |     1 |       |       ||     1
Evoke: Deck              |    10 |       |       ||    10
  Use: Scroll            |     5 |       |       ||     5
       Potion            |     3 |       |     4 ||     7
  Eat: Chunk             |       |     6 |     1 ||     7
